 Dungeon Crawl Stone Soup version 0.22-a0-293-gc9362ec (webtiles) character file.

27383 inmateoo the Zephyrmancer (level 13, -1/98 HPs)
             Began as a Formicid Air Elementalist on Mar 24, 2018.
             Was an Elder of Vehumet.
             Slain by a tengu warrior
             ... wielding a +1 war axe of electrocution
             ... led by a tengu conjurer
              (11 damage)
             ... on level 14 of the Dungeon.
             The game lasted 00:42:46 (19682 turns).

inmateoo the Zephyrmancer (FoAE)                   Turns: 19682, Time: 00:42:46

Health: -1/98      AC:  9    Str: 13    XL:     13   Next: 65%
Magic:  21/34      EV: 13    Int: 20    God:    Vehumet [****..]
Gold:   717        SH:  8    Dex: 11    Spells: 8/29 levels left

rFire    + . .     SeeInvis +   k - +3 flail (protect)
rCold    . . .     Gourm    .   r - +3 buckler
rNeg     + . .     Faith    .   n - +3 leather armour {rF+}
rPois    .         Spirit   .   (helmet unavailable)
rElec    .         Reflect  .   x - +1 cloak "Qugesma" {*Contam *Slow MR+++ Slay+3}
rCorr    .         Harm     .   (no gloves)
MR       ++++.                  l - +0 pair of boots
Stlth    ++........             B - amulet of regeneration
HPRegen  0.66/turn              q - ring of magical power
MPRegen  0.24/turn              h - ring of positive energy

@: no status effects
A: permanent stasis, dig shafts and tunnels, four strong arms, antennae 3
a: Dig, Shaft Self, Renounce Religion


You were on level 14 of the Dungeon.
You worshipped Vehumet.
Vehumet was greatly pleased with you.
You were very hungry.

You visited 2 branches of the dungeon, and saw 16 of its levels.
You also visited: Labyrinth.

You collected 946 gold pieces.
You spent 229 gold pieces at shops.

Inventory:

Hand Weapons
 k - a +3 flail of protection (weapon)
Missiles
 p - 2 throwing nets (quivered)
 D - 121 stones
Armour
 l - a +0 pair of boots (worn)
 n - a +3 leather armour of fire resistance (worn)
 r - a +3 buckler (worn)
 x - the +1 cloak "Qugesma" (worn) {*Contam *Slow MR+++ Slay+3}
   (You found it on level 9 of the Dungeon)

   It affects your accuracy and damage with ranged weapons and melee attacks
   (+3).
   It affects your resistance to hostile enchantments.
   It causes magical contamination when unequipped.
   It may slow you when you take damage.
 C - a +2 shield of protection
Jewellery
 b - an uncursed ring of flight
 h - a ring of positive energy (right hand)
 m - an uncursed ring of protection from fire
 q - a ring of magical power (left hand)
 B - an amulet of regeneration (around neck)
 J - an uncursed ring of ice
Wands
 a - a wand of flame (94)
 f - a wand of paralysis (21)
 w - a wand of polymorph (28)
 y - a wand of acid (10)
 z - a wand of clouds (5)
 A - a wand of iceblast (18)
Scrolls
 u - 5 scrolls of amnesia
 v - 2 scrolls of fear
 H - 8 scrolls of identify
 K - a scroll of fog
 M - a scroll of enchant armour
Potions
 d - a potion of ambrosia
 e - 6 potions of curing
 g - 3 potions of lignification
 j - 5 potions of flight
 o - 2 potions of might
 s - 4 potions of brilliance
 E - a potion of agility
Miscellaneous
 F - a phantom mirror
Comestibles
 c - 18 rations


   Skills:
 + Level 7.7 Fighting
 - Level 4.0 Armour
 - Level 5.0 Dodging
 - Level 3.0 Stealth
 + Level 5.6 Shields
 + Level 8.8 Spellcasting
 + Level 8.5 Conjurations
 * Level 6.3 Necromancy
 * Level 10.9 Air Magic
 + Level 6.0 Earth Magic


You had 8 spell levels left.
You knew the following spells:

 Your Spells              Type           Power        Failure   Level  Hunger
a - Shock                 Conj/Air       ####         1%          1    None
b - Swiftness             Chrm/Air       ####....     1%          2    None
c - Static Discharge      Conj/Air       #####...     1%          3    None
d - Airstrike             Air            ######....   1%          4    ###....
e - Lightning Bolt        Conj/Air       #####.....   1%          5    #####..
f - Sandblast             Erth           ####..       1%          1    None
g - Borgnjor's Vile Clut  Necr/Erth      ####......   21%         5    #####..


Dungeon Overview and Level Annotations

Branches:
Dungeon (15/15)            Temple (1/1) D:7            Lair (0/6) D:11
    Orc (0/2) D:12         Vaults (0/5) D:13
 Depths: D:15

Altars:
Ashenzari
Cheibriados
Dithmenos
Elyvilon
Fedhas
Gozag
Hepliaklqana
Kikubaaqudgha
Makhleb
Nemelex Xobeh
Okawaru
Qazlal
Ru
Sif Muna
Trog
Uskayaw
Vehumet
Wu Jian
Xom
Yredelemnul
Zin
The Shining One

Shops:
D:9 *   D:10 }

Annotations:
D:2 Sigmund
D:4 Anon1729's ghost, amateur DsCj
D:8 Gastronok


Innate Abilities, Weirdness & Mutations

You cannot be hasted, slowed, berserked, paralysed or teleported.
You can dig through walls and to a lower floor.
Your four strong arms can wield two-handed weapons with a shield.
You have a pair of large antennae on your head. (SInv)


Message History

Press: ? - help, Dir - move target cursor, f/p - freezing wraith
Aim: a freezing wraith (severely damaged)
The air twists around and violently strikes the freezing wraith!
You destroy the freezing wraith!
Vehumet accepts your kill.
You feel your power returning.
Unknown command.
Unknown command.
Unknown command.
Casting: Airstrike (safe; 1% risk of failure)
Confirm with . or Enter, or press ? or * to list all spells.
Aiming: Airstrike (safe; 1% risk of failure)
Press: ? - help, Dir - move target cursor, f - tengu warrior
Aim: a tengu warrior, wielding a war axe of electrocution, wearing a leather armour and wearing a shield The air twists around and violently strikes the tengu warrior!
The tengu warrior is lightly wounded.
The tengu warrior hits you with a war axe of electrocution!
* * * LOW HITPOINT WARNING * * *
You are electrocuted!
You die...

# ########### #
##########.........# #
##......u...#######.#
###########...########u## #.#
...............# ##.#####.###
.##########.[..# ##.##.....# ..#
##.#.##########.#.....# ..##
###.#..@QF.............# ...#
#####...#####.########.....#
#..###..<..#..........#####.....#
.............#####...)..{[u...#u#
#..###.#####.# #....##{###..#.#
#..# #.# #.# ####.#.## #u.#.#
...###.# #.# #.##C###..#.#
###....# #.# #.###.##..#.# #
#.#### #.# #.##.u.<..#.#


You could see a tengu warrior and a bullfrog.

Vanquished Creatures
  A minotaur (Lab)
  Erolcha (D:12)
  Fannar (D:11)
  A centaur warrior (D:13)
  7 two-headed ogres
  A tengu warrior (D:13)
  Urug (D:11)
  Nergalle (D:11)
  An unseen horror (D:13)
  The ghost of mortelune the Frost Mage, a novice DsIE of Ashenzari (D:10)
  2 ugly things
  2 cyclopes
  2 deep elf magi
  A manticore (D:11)
  Maurice (D:10)
  Psyche (D:7)
  4 gargoyles
  2 freezing wraiths (D:14)
  A kobold demonologist (D:12)
  2 yaktaurs (D:13)
  2 tengu conjurers (D:13)
  A hornet (D:11)
  5 trolls
  Prince Ribbit (D:8)
  A hippogriff (D:14)
  7 slime creatures
  2 shadows
  5 yaks
  A wyvern (D:10)
  3 hogs (D:8)
  A wraith (D:13)
  A human (D:8)
  Menkaure (D:7)
  2 ice beasts
  A water moccasin (D:10)
  2 orc warriors
  4 sky beasts
  9 ogres
  4 centaurs
  2 phantoms
  A crocodile (D:7)
  4 big kobolds
  6 bullfrogs
  A scorpion (D:7)
  14 killer bees
  2 electric eels (D:9)
  3 wights (D:14)
  A vampire bat (D:3)
  2 bullfrog zombies
  7 howler monkeys
  A centaur zombie (D:10)
  10 crimson imps
  A quasit (D:11)
  3 hounds
  4 jellies
  2 centaur skeletons
  2 orc priests
  A gnoll shaman (D:6)
  8 orc wizards
  7 iguanas
  7 worker ants
  3 killer bee zombies
  A hound skeleton (D:5)
  A hound zombie (D:8)
  3 worker ant zombies
  9 gnolls
  12 adders
  5 shadow imps
  4 oozes
  An adder zombie (D:5)
  An adder skeleton (D:5)
  3 worms
  4 dart slugs
  7 leopard geckos
  27 orcs
  9 bats
  A bat skeleton (D:3)
  5 bat zombies (D:3)
  3 giant cockroaches
  9 goblins
  8 hobgoblins
  10 jackals
  20 kobolds
  5 quokkas
  2 ball pythons
  A ball python skeleton (D:6)
  4 frilled lizards
  A quokka skeleton (D:2)
  A quokka zombie (D:8)
  6 rats
342 creatures vanquished.

Notes
Turn   | Place    | Note
-------+----------+-------------------------------------------
     0 | D:1      | inmateoo the Formicid Air Elementalist began the quest for the Orb.
     0 | D:1      | Reached XP level 1. HP: 13/13 MP: 3/3
    99 | D:1      | Reached skill level 1 in Conjurations
   204 | D:1      | Reached XP level 2. HP: 17/19 MP: 0/5
   318 | D:1      | Learned a level 2 spell: Swiftness
   498 | D:1      | Reached XP level 3. HP: 19/24 MP: 0/6
   903 | D:1      | Found a snail-covered altar of Cheibriados.
   907 | D:1      | Found a shimmering altar of Xom.
   907 | D:1      | Found an opulent altar of Gozag.
   909 | D:1      | Found an opulent altar of Gozag.
   909 | D:1      | Found a white marble altar of Elyvilon.
   909 | D:1      | Found a snail-covered altar of Cheibriados.
  1279 | D:2      | Reached XP level 4. HP: 23/30 MP: 6/8
  1719 | D:2      | Reached skill level 3 in Air Magic
  1752 | D:2      | Learned a level 3 spell: Static Discharge
  2264 | D:2      | Noticed Sigmund
  2321 | D:2      | Reached XP level 5. HP: 35/35 MP: 6/9
  3584 | D:3      | Learned a level 4 spell: Airstrike
  3710 | D:3      | HP: 1/35 [poisoned by an adder]
  4267 | D:3      | Found an ancient bone altar of Kikubaaqudgha.
  4269 | D:3      | Reached XP level 6. HP: 41/41 MP: 10/10
  4591 | D:4      | Found a blossoming altar of Fedhas.
  4659 | D:4      | Reached skill level 4 in Air Magic
  4667 | D:4      | Noticed a phantom
  5012 | D:4      | Noticed Anon1729's ghost (amateur DsCj)
  5186 | D:4      | Reached XP level 7. HP: 43/46 MP: 8/11
  5187 | D:4      | Reached skill level 5 in Air Magic
  5367 | D:4      | Found a hazy altar of Hepliaklqana.
  5811 | D:4      | Reached skill level 1 in Shields
  5968 | D:4      | Found an iron altar of Okawaru.
  6055 | D:5      | Entered Level 5 of the Dungeon
  6059 | D:5      | Reached skill level 6 in Air Magic
  6059 | D:5      | Reached XP level 8. HP: 52/52 MP: 7/12
  6703 | D:5      | Found a sparkling altar of Nemelex Xobeh.
  7301 | D:6      | Reached skill level 5 in Spellcasting
  7327 | D:6      | Learned a level 5 spell: Lightning Bolt
  7328 | D:6      | Found a shadowy altar of Dithmenos.
  7347 | D:6      | Reached XP level 9. HP: 58/58 MP: 13/17
  7531 | D:6      | Reached skill level 1 in Fighting
  8670 | D:7      | Noticed Joseph
  8671 | D:7      | Noticed Joseph
  8671 | D:7      | Joseph changed into Joseph the crocodile
  8684 | D:7      | Killed Joseph the crocodile
  8746 | D:7      | Noticed Menkaure
  8752 | D:7      | Killed Menkaure
  8964 | D:7      | Found a staircase to the Ecumenical Temple.
  8986 | D:8      | Noticed Psyche
  8993 | D:7      | Reached skill level 5 in Conjurations
  8998 | D:7      | Killed Psyche
  8998 | D:7      | Reached skill level 1 in Armour
  8998 | D:7      | Reached XP level 10. HP: 29/70 MP: 6/19
  9219 | D:8      | Noticed a two-headed ogre
  9411 | Temple   | Entered the Ecumenical Temple
  9487 | Temple   | Became a worshipper of Vehumet
  9516 | D:8      | Noticed Gastronok
  9608 | D:8      | Noticed a two-headed ogre
  9619 | D:8      | Killed a two-headed ogre
  9619 | D:8      | Reached skill level 7 in Air Magic
  9621 | D:8      | Noticed Prince Ribbit
  9789 | D:8      | Killed Prince Ribbit
 10063 | D:7      | Killed a two-headed ogre
 10063 | D:7      | Reached skill level 5 in Fighting
 10437 | D:8      | Reached skill level 5 in Dodging
 10613 | D:8      | Reached XP level 11. HP: 80/80 MP: 18/21
 10864 | D:9      | Noticed a two-headed ogre
 10875 | D:9      | Killed a two-headed ogre
 10875 | D:9      | Reached * piety under Vehumet
 10875 | D:9      | Offered knowledge of Sandblast by Vehumet.
 10875 | D:9      | Reached skill level 8 in Air Magic
 11141 | D:9      | Found Natupp's Assorted Antiques.
 11144 | D:9      | Bought a scroll labeled JUIPEO ZOSEILE for 24 gold pieces
 11144 | D:9      | Bought a scroll of identify for 48 gold pieces
 11144 | D:9      | Bought an inky potion for 21 gold pieces
 11144 | D:9      | Bought an opalescent robe for 136 gold pieces
 11156 | D:9      | Identified the cursed +0 robe "Zesefrif" {rN+ MP+9} (You bought it in a shop on level 9 of the Dungeon)
 11212 | D:9      | Found a burning altar of Makhleb.
 11220 | D:9      | Noticed a green death
 11222 | D:9      | Found a glowing silver altar of Zin.
 11222 | D:9      | Noticed an angel
 11296 | D:9      | Got a scorched cloak
 11302 | D:9      | Identified the +1 cloak "Qugesma" {*Contam *Slow MR+++ Slay+3} (You found it on level 9 of the Dungeon)
 11624 | D:10     | Entered Level 10 of the Dungeon
 11671 | D:10     | Learned a level 1 spell: Sandblast
 11780 | D:10     | Noticed a two-headed ogre
 11785 | D:10     | Noticed Maurice
 11785 | D:10     | Killed a two-headed ogre
 11785 | D:10     | Reached skill level 9 in Air Magic
 12060 | D:10     | Noticed mortelune's ghost (novice DsIE)
 12064 | D:10     | Killed mortelune's ghost
 12073 | D:10     | Reached skill level 1 in Earth Magic
 12182 | D:10     | Found Nuwnuon's Gadget Shop.
 12518 | D:10     | You fall through a shaft for 3 floors!
 12520 | D:13     | Reached ** piety under Vehumet
 12588 | D:14     | Noticed a red ugly thing
 12588 | D:14     | Noticed a red ugly thing
 12641 | D:14     | Offered knowledge of Searing Ray by Vehumet.
 12960 | D:11     | Noticed Fannar
 13058 | D:12     | Found a labyrinth entrance.
 13063 | Lab      | Entered a labyrinth
 13230 | Lab      | Noticed a minotaur
 13378 | Lab      | Killed a minotaur
 13469 | D:11     | Learned a level 5 spell: Borgnjor's Vile Clutch
 13481 | D:11     | Noticed a two-headed ogre
 13536 | D:12     | Killed a two-headed ogre
 13536 | D:12     | Reached skill level 1 in Necromancy
 13536 | D:12     | Reached XP level 12. HP: 10/88 MP: 7/23
 13888 | D:12     | HP: 1/88 [deep elf mage/bolt of lightning (39)]
 13894 | D:11     | HP: 4/88 [Fannar/Ozocubu's Refrigeration (26)]
 14023 | D:10     | Killed Maurice
 14475 | D:11     | Offered knowledge of Throw Frost by Vehumet.
 14752 | D:11     | Noticed a two-headed ogre
 14759 | D:11     | Killed a two-headed ogre
 14759 | D:11     | Reached *** piety under Vehumet
 14759 | D:11     | Reached skill level 10 in Air Magic
 14834 | D:11     | Found a glowing silver altar of Zin.
 14839 | D:11     | Found a staircase to the Lair.
 14998 | D:11     | Killed Fannar
 15301 | D:11     | Noticed Urug
 15537 | D:11     | Noticed a two-headed ogre
 15562 | D:11     | Killed Urug
 15782 | D:11     | Noticed Nergalle
 15879 | D:11     | Killed Nergalle
 16409 | D:12     | Noticed Erolcha
 16413 | D:12     | Killed Erolcha
 16413 | D:12     | Offered knowledge of Inner Flame by Vehumet.
 16448 | D:12     | Found a staircase to the Orcish Mines.
 16603 | D:12     | Reached XP level 13. HP: 85/96 MP: 25/25
 16870 | D:13     | Reached skill level 5 in Earth Magic
 17023 | D:13     | Noticed a centaur warrior
 17032 | D:13     | Killed a centaur warrior
 17032 | D:13     | Reached skill level 5 in Necromancy
 17317 | D:13     | Noticed a yaktaur captain
 17574 | D:13     | Found a gate to the Vaults.
 17612 | D:13     | HP: 1/96 [yaktaur/bolt (16)]
 17844 | D:14     | Reached skill level 5 in Shields
 18764 | D:14     | Found a shattered altar of Ashenzari.
 19009 | D:14     | Reached **** piety under Vehumet
 19411 | D:15     | Entered Level 15 of the Dungeon
 19416 | D:15     | Noticed a centaur warrior
 19580 | D:15     | Noticed an ettin
 19682 | D:14     | Slain by a tengu warrior

Vault maps used:
D:1:      evilmike_arrival_crescent, doesnt_xom_only_xom
D:2:      uniq_sigmund
D:3:      kennysheep_vampire_church, first_ration
D:4:      lemuel_doored_altar, lemuel_round_altar, kennysheep_mini
D:5:      lemuel_round_altar
D:6:      grunt_dithmenos_smoke_and_mirrors
D:7:      minmay_temple_entry_from_below_a, uniq_menkaure, uniq_joseph
D:8:      grunt_livestock, uniq_psyche, uniq_prince_ribbit1, uniq_gastronok
D:9:      grunt_temple_overflow_order_and_chaos_2, serial_shops,
          nicolae_shop_behind_doors
D:10:     serial_shops, shop, uniq_maurice
D:11:     lair_entry_dummy, basic_altar, serial_shops, bzr_entry_water,
          uniq_fannar, uniq_urug, uniq_nergalle
D:12:     orc_0_dummy, lab_entry_generic, uniq_erolcha
D:13:     david_vaults_2
D:14:     corexii_checkpoint_a, nicolae_ashenzari_panopticon
D:15:     hangedman_depths_entry_civil_slaughter, minmay_misc_feat_rows
Temple:   jpeg_temple_clearing
Lab:      labyrinth_spiral, nicolae_lab_big_swirl

Skill      XL: |  1  2  3  4  5  6  7  8  9 10 11 12 13 |
---------------+----------------------------------------+-----
Conjurations   | 1 2 3 4 5 6 7 8 |  8.5
Dodging        | 2 3 5 |  5.0
Stealth        | 3 |  3.0
Spellcasting   | 3 5 6 7 8 |  8.8
Air Magic      | 3 4 6 7 9 10 | 10.9
Shields        | 2 4 5 |  5.6
Fighting       | 3 5 6 7 |  7.7
Armour         | 1 3 4 |  4.0
Earth Magic    | 3 4 6 |  6.0
Necromancy     | 1 4 6 |  6.3

Action                   |  1- 3 |  4- 6 |  7- 9 | 10-12 | 13-15 || total
-------------------------+-------+-------+-------+-------+-------++-------
Melee: Club              |    44 |    26 |     5 |       |       ||    75
       Flail             |       |       |    79 |    64 |    42 ||   185
 Cast: Shock             |    55 |   178 |   138 |   295 |    58 ||   724
       Static Discharge  |       |     8 |    30 |    29 |    14 ||    81
       Airstrike         |       |     2 |    18 |    39 |    37 ||    96
       Lightning Bolt    |       |       |     2 |    83 |    25 ||   110
 Abil: Dig               |       |       |       |     8 |    11 ||    19
Evoke: Wand              |       |       |     1 |    11 |       ||    12
  Use: Scroll            |       |    12 |     2 |    10 |     2 ||    26
       Potion            |       |     1 |       |     3 |     2 ||     6
 Stab: Sleeping          |     1 |       |     2 |       |       ||     3
  Eat: Chunk             |     2 |    14 |    15 |    22 |    12 ||    65
       Ration            |       |       |     1 |     9 |     2 ||    12
Armor: Robe              |    13 |    41 |    21 |       |       ||    75
       Leather armour    |       |       |     4 |    60 |    21 ||    85
Dodge: Dodged            |    55 |   108 |   100 |   148 |    60 ||   471
Block: Buckler           |       |       |    43 |    86 |    45 ||   174

Table legend:
 A = Spawn XP
 B = Non-spawn XP
 C = Spawn XP percentage of total XP
 D = Spawn monster count
 E = Non-spawn monster count
 F = Spawn count percentage of total count
 G = Total turns spent on level
                    A         B        C        D         E        F      G
               +---------+---------+-------+---------+---------+-------+---------
         Total |       0 |   39119 |   0.0 |       0 |     342 |   0.0 | 19682
               +---------+---------+-------+---------+---------+-------+---------
           D:1 |       0 |      55 |   0.0 |       0 |      23 |   0.0 |  1085
           D:2 |       0 |      91 |   0.0 |       0 |      28 |   0.0 |  1962
           D:3 |       0 |     173 |   0.0 |       0 |      26 |   0.0 |  1961
           D:4 |       0 |     605 |   0.0 |       0 |      24 |   0.0 |  1135
           D:5 |       0 |     440 |   0.0 |       0 |      14 |   0.0 |   772
           D:6 |       0 |    1078 |   0.0 |       0 |      27 |   0.0 |  1489
           D:7 |       0 |    2517 |   0.0 |       0 |      22 |   0.0 |  1077
           D:8 |       0 |    2943 |   0.0 |       0 |      24 |   0.0 |  1099
           D:9 |       0 |    1775 |   0.0 |       0 |      31 |   0.0 |  1075
          D:10 |       0 |    3203 |   0.0 |       0 |      16 |   0.0 |  1279
          D:11 |       0 |    6221 |   0.0 |       0 |      34 |   0.0 |  1842
          D:12 |       0 |    6252 |   0.0 |       0 |      29 |   0.0 |  1462
          D:13 |       0 |    5957 |   0.0 |       0 |      17 |   0.0 |  1446
          D:14 |       0 |    5525 |   0.0 |       0 |      23 |   0.0 |  1480
          D:15 |       0 |    1053 |   0.0 |       0 |       3 |   0.0 |    94
           Lab |       0 |    1231 |   0.0 |       0 |       1 |   0.0 |   327
               +---------+---------+-------+---------+---------+-------+---------
